 Dungeon Crawl Stone Soup version 0.30-a0-777-ga9a30cbeda (webtiles) character file.

Game seed: 4168921329056424684

7 Esekla the Sneak (level 2, 16/16 HPs)
             Began as a Vine Stalker Delver on Feb 14, 2023.
             Quit the game in the Ecumenical Temple.
             The game lasted 00:01:35 (211 turns).

Esekla the Sneak (Vine Stalker Delver)               Turns: 211, Time: 00:01:36

Health: 16/16      AC:  3    Str: 14    XL:     2   Next: 0%
Magic:  3/3        EV: 11    Int: 10    God:
Gold:   0          SH:  0    Dex: 15    Spells: 1/1 levels left

rFire   . . .      SeeInvis .    a - +0 falchion
rCold   . . .      Faith    .    (no shield)
rNeg    . . .      Spirit   +    b - +0 leather armour
rPois   .          Reflect  .    (no helmet)
rElec   .          Harm     .    (no cloak)
rCorr   .          Rampage  .    (no gloves)
Will    .....                    (no boots)
Stlth   +++                      (no amulet)
HPRegen 0.22/turn                (no ring)
MPRegen 0.08/turn                (no ring)

@: no status effects
A: fangs 2, magic shield, antimagic bite, no potion heal 2
a: no special abilities


You were in the Ecumenical Temple.
You visited 2 branches of the dungeon, and saw 2 of its levels.

Inventory:

Hand Weapons
 a - a +0 falchion (weapon)
Armour
 b - a +0 leather armour (worn)
Wands
 g - a wand of digging (3)
 h - a wand of roots (11)
Scrolls
 c - a scroll of fog
 e - a scroll of fear
Potions
 d - a potion of ambrosia {unknown}
 f - a potion of haste


   Skills:
 * Level 2.7 Fighting
 * Level 1.8 Long Blades
 + Level 1.5 Dodging
 + Level 6.2 Stealth
 * Level 0.3 Spellcasting


You had one spell level left.
You didn't know any spells.
Your spell library was empty.

Dungeon Overview and Level Annotations

Branches:
Dungeon (5/15)             Temple (1/1) D:5

Altars:
Gozag
Hepliaklqana
Nemelex Xobeh
Qazlal
Ru
Sif Muna
Wu Jian
Xom
Yredelemnul


Innate Abilities, Weirdness & Mutations

You have extremely sharp teeth.
When hurt, damage is shared between your health and your magic reserves.
Your bite disrupts and absorbs the magic of your enemies.
Potions cannot restore your health.


Message History

The white imp falters for a moment.
You hit the white imp.
You kill the white imp!
You have reached level 2!
As you read the scroll of magic mapping, it crumbles to dust.
You feel aware of your surroundings.
There is a stone staircase leading down here.
You start resting.
Magic restored.
You start resting.
HP restored.
A hound comes into view.
The hound moves out of view.
Found a stone staircase leading up.
Found a falchion and a puce potion.
A necrophage comes into view.
Found an escape hatch in the ceiling.
You see here a puce potion.
d - a puce potion
Found a stone staircase leading up.
Found a staircase to the Ecumenical Temple.
A worm comes into view.
Found a sling.
An adder comes into view.
There is a staircase to the Ecumenical Temple here.
You climb downwards.
Welcome to the Ecumenical Temple!
There is a staircase back to the Dungeon here.
Found a hazy altar of Hepliaklqana and a stormy altar of Qazlal.
Found a sacrificial altar of Ru and a basalt altar of Yredelemnul.
Found an ornate altar of the Wu Jian Council.
Found two altars.
Found an opulent altar of Gozag and a shimmering altar of Xom.
There is a stormy altar of Qazlal here.
There is a shimmering altar of Xom here.
Done exploring.
Search for what [? for help]?
Vehumet Can't find anything matching that.
Are you sure you want to abandon this character and quit the game? (Confirm with "yes".)
Okay, then.
Are you sure you want to abandon this character and quit the game? (Confirm with "yes".)

##.......## #..........#
######### ##........##
##......## #####.###
#### #######.......##
...#####..............##
##...#...###...........#
##.....## #...........#
##.....## #....@......#
#.......# #...........#
##.......####.........##
#.........####.......##
............###.....##
#####<####### #######
###


There were no monsters in sight!

Vanquished Creatures
  A white imp (D:5)
1 creature vanquished.

Notes
Turn   | Place    | Note
-------+----------+-------------------------------------------
     0 | D:5      | Esekla the Vine Stalker Delver began the quest for the Orb.
     0 | D:5      | Reached XP level 1. HP: 11/11 MP: 2/2
    10 | D:5      | Reached XP level 2. HP: 4/16 MP: 1/3
    91 | D:5      | Noticed a necrophage
   101 | D:5      | Found a staircase to the Ecumenical Temple.
   114 | Temple   | Entered the Ecumenical Temple
   211 | Temple   | Quit the game

Illustrated notes

Levels and vault maps discovered:
D:5:      layout_cave_pools, minmay_temple_entry_tees, uniq_pikel
Temple:   kb_temple_of_zot

Action                     || total
---------------------------++-------
  Melee: Falchion          ||     4
         Bite              ||     2
    Use: Scroll            ||     1
  Dodge: Dodged            ||     1

Table legend: (Time is in decaauts)
 A = Elapsed time spent in this place.
 B = Non-inter-level travel time spent in this place.
 C = Inter-level travel time spent in this place.
 D = Time resting spent in this place.
 E = Time spent auto-exploring this place.
 F = Levels seen in this place.
 G = Mean time per level.
                   A        B        C        D        E       F      G
               +--------+--------+--------+--------+--------+-----+--------+
         Total |    211 |    211 |      0 |     45 |     90 |   2 |  105.5 |
       Dungeon |    114 |    114 |      0 |     45 |      0 |   1 |  114.0 |
        Temple |     96 |     96 |      0 |      0 |     90 |   1 |   96.0 |
               +--------+--------+--------+--------+--------+-----+--------+

Top non-repeatable levels by time:
     D:5: 114 daAuts
  Temple: 96 daAuts
